 Dungeon Crawl Stone Soup version 0.29-a0-824-gd827844252 (webtiles) character file.

Game seed: 11229709859788676493

51 Demosthentine the Poker (level 3, -2/28 HPs)
             Began as a Merfolk Gladiator on July 11, 2022.
             Was an Initiate of Zin.
             Slain by Crazy Yiuf
             ... wielding a +3 quarterstaff of chaos
              (16 damage)
             ... on level 2 of the Dungeon.
             The game lasted 00:01:57 (1768 turns).

Demosthentine the Poker (Merfolk Gladiator)         Turns: 1768, Time: 00:01:57

Health: -2/28      AC:  5    Str: 16    XL:     3   Next: 81%
Magic:  3/3        EV: 13    Int:  7    God:    Zin [......]
Gold:   45         SH:  0    Dex: 15    Spells: 2/2 levels left

rFire   . . .      SeeInvis .   a - +0 trident
rCold   . . .      Faith    .   (no shield)
rNeg    . . .      Spirit   .   b - +0 leather armour
rPois   .          Reflect  .   i - +1 helmet
rElec   .          Harm     .   (no cloak)
rCorr   .          Rampage  .   (no gloves)
Will    .....                   (no boots)
Stlth   +.........              l - amulet of regeneration
HPRegen 0.89/turn               (no ring)
MPRegen 0.08/turn               (no ring)

@: no status effects
A: (nimble swimmer 2), mertail
a: Renounce Religion, Donate Gold


You were on level 2 of the Dungeon.
You worshipped Zin.
Zin was noncommittal.
You visited 1 branch of the dungeon, and saw 2 of its levels.

You collected 50 gold pieces.
You donated 5 gold pieces to Zin.

Inventory:

Hand Weapons
 a - a +0 trident (weapon)
Missiles
 e - a javelin (quivered)
Armour
 b - a +0 leather armour (worn)
 i - a +1 helmet (worn)
Jewellery
 k - an amulet of guardian spirit
 l - an amulet of regeneration (around neck)
Scrolls
 g - a scroll of vulnerability {unknown}
Potions
 c - a potion of lignification {unknown}
 f - a potion of heal wounds {unknown}
 h - a potion of curing {unknown}
 j - 3 potions of haste {unknown}


   Skills:
 + Level 2.9 Fighting
 + Level 4.6 Polearms
 - Level 2.0 Throwing
 + Level 1.0 Armour
 + Level 4.6 Dodging


You had 2 spell levels left.
You didn't know any spells.
Your spell library was empty.

Dungeon Overview and Level Annotations

Branches:
Dungeon (2/15)

Altars:
Zin

Annotations:
D:2 Crazy Yiuf


Innate Abilities, Weirdness & Mutations

((You are very nimble when in or above water. (Stealth+, EV+, Speed+++)))
Your lower body shifts to a powerful aquatic tail in water.


Message History

Crazy Yiuf shouts!
Failed to move towards target.
Could not explore, unopened runed door.
Failed to move towards target.
Failed to move towards target.
Could not explore, unopened runed door.
Failed to move towards target.
Could not explore, unopened runed door.
Failed to move towards target.
You open the door.
Throw: 3 throwing nets
Press: ? - help, Q - select action, (/) - cycle Shift-Dir - straight line, f - Crazy Yiuf
Aim: Crazy Yiuf, wielding a +3 quarterstaff of chaos and wearing a +0 cloak (64% to hit)
You throw a throwing net.
The throwing net barely misses Crazy Yiuf.
Crazy Yiuf misses you.
Throw: 2 throwing nets
Press: ? - help, Q - select action, (/) - cycle Shift-Dir - straight line, f/p - Crazy Yiuf
Aim: Crazy Yiuf, wielding a +3 quarterstaff of chaos and wearing a +0 cloak (64% to hit)
You throw a throwing net.
The throwing net closely misses Crazy Yiuf.
Crazy Yiuf hits you with a +3 quarterstaff of chaos!
Crazy Yiuf burns you.
Throw: throwing net
Press: ? - help, Q - select action, (/) - cycle Shift-Dir - straight line, f/p - Crazy Yiuf
Aim: Crazy Yiuf, wielding a +3 quarterstaff of chaos and wearing a +0 cloak (64% to hit)
You throw a throwing net.
The throwing net closely misses Crazy Yiuf.
Crazy Yiuf whimpers, "Paint arga sow!"
Crazy Yiuf attacks as you move away!
Crazy Yiuf hits you with a +3 quarterstaff of chaos!
Ouch! That really hurt!
* * * LOW HITPOINT WARNING * * *
Crazy Yiuf screams, "Liver shoe ladder!"
Crazy Yiuf barely misses you. Crazy Yiuf attacks as you move away!
Crazy Yiuf closely misses you. Crazy Yiuf attacks as you move away!
Crazy Yiuf hits you with a +3 quarterstaff of chaos!
Ouch! That really hurt!
You die...

.....<...###...#
#.##....
#####....###...#
#.##....
#..........#
#.##....
########...#
#.......
#.....####
###..... #.....#
#.....
#####.#######
##....
#...#..#.### ###
#....
#.....P@#..##...#
#####
#.....g####.'..(#
### ##..#P##
###..)# #.#
###### ### #.####
#..... ######


You could see Crazy Yiuf.

Vanquished Creatures
  An adder (D:2)
  2 dart slugs (D:1)
  4 ball pythons
  2 bats (D:1)
  3 endoplasms
  5 giant cockroaches (D:1)
  2 goblins (D:1)
  4 hobgoblins
  2 quokkas
  2 frilled lizards
  4 kobolds
  3 rats (D:1)
34 creatures vanquished.

Notes
Turn   | Place    | Note
-------+----------+-------------------------------------------
     0 | D:1      | Demosthentine the Merfolk Gladiator began the quest for the
                  | Orb.
     0 | D:1      | Reached XP level 1. HP: 16/16 MP: 1/1
     2 | D:1      | Noticed an ogre
     2 | D:1      | Noticed an octopode
     4 | D:1      | Noticed a minotaur
     4 | D:1      | Noticed a formicid
     6 | D:1      | Noticed a spriggan
     8 | D:1      | Noticed a ghoul
    12 | D:1      | Noticed a gargoyle
    12 | D:1      | Noticed a tengu
    14 | D:1      | Noticed a naga
    14 | D:1      | Noticed a draconian
    16 | D:1      | Noticed a troll
    19 | D:1      | Noticed a vampire
    19 | D:1      | Noticed a vine stalker
    21 | D:1      | Noticed a human
    21 | D:1      | Noticed a demigod
    23 | D:1      | Noticed a demonspawn
    23 | D:1      | Noticed a dwarf
    25 | D:1      | Noticed an elf
    25 | D:1      | Noticed a merfolk
    27 | D:1      | Noticed a felid
   155 | D:1      | Reached XP level 2. HP: 23/23 MP: 2/2
   438 | D:1      | Reached XP level 3. HP: 25/28 MP: 3/3
   832 | D:2      | Reached skill level 1 in Armour
   964 | D:2      | Found a glowing silver altar of Zin.
  1077 | D:2      | Became a worshipper of Zin the Law-Giver
  1259 | D:2      | Found a runed translucent door.
  1260 | D:2      | Noticed Crazy Yiuf
  1768 | D:2      | Slain by Crazy Yiuf

Illustrated notes

Levels and vault maps discovered:
D:1:      kb_arrival_jail, layout_rooms, serial_rivers,
          chequers_serial_rivers_small_3, chequers_serial_rivers_large_b,
          chequers_serial_rivers_micro_b, chequers_serial_rivers_micro_c,
          minmay_ruptured
D:2:      layout_basic, basic_altar, minmay_misc_feat_encased,
          uniq_crazy_yiuf_cottage

Skill      XL: |  1  2  3 |
---------------+----------+-----
Armour         | 1 |  1.0
Fighting       | |  2.9
Polearms       | |  4.6
Throwing       | |  2.0
Dodging        | |  4.6

Action                   || total
-------------------------++-------
Melee: Trident           ||   107
       Punch             ||     1
Throw: Throwing net      ||     3
  Use: Scroll            ||     4
 Stab: Sleeping          ||     2
Armor: Leather armour    ||    19
Dodge: Dodged            ||    55

Table legend: (Time is in decaauts)
 A = Elapsed time spent in this place.
 B = Non-inter-level travel time spent in this place.
 C = Inter-level travel time spent in this place.
 D = Time resting spent in this place.
 E = Time spent auto-exploring this place.
 F = Levels seen in this place.
 G = Mean time per level.
                   A        B        C        D        E       F      G
               +--------+--------+--------+--------+--------+-----+--------+
         Total |   1751 |   1687 |     64 |      0 |   1426 |   2 |  875.5 |
       Dungeon |   1751 |   1687 |     64 |      0 |   1426 |   2 |  875.5 |
               +--------+--------+--------+--------+--------+-----+--------+

Top non-repeatable levels by time:
     D:2: 988 daAuts
     D:1: 763 daAuts
